 Dungeon Crawl Stone Soup version 0.30-b1-2-g02819fbbbe (webtiles) character file.

Game seed: 9531487147978764467

2049 raph the Spear-Bearer (level 9, -22/65 HPs)
             Began as a Merfolk Gladiator on May 17, 2023.
             Was an Initiate of Gozag.
             Annihilated by an enormous slime creature (74 damage)
             ... on level 8 of the Dungeon.
             The game lasted 00:12:20 (6765 turns).

raph the Spear-Bearer (Merfolk Gladiator)           Turns: 6765, Time: 00:12:20

Health: -22/65     AC: 10    Str: 20    XL:     9   Next: 25%
Magic:  15/16      EV: 13    Int: 10    God:    Gozag
Gold:   540        SH:  5    Dex: 17    Spells: 9/17 levels left

rFire   . . .        a - +2 trident (venom)
rCold   . . .        (no shield)
rNeg    . . .        D - +3 leather armour
rPois   .            c - +0 helmet
rElec   .            l - +1 cloak
rCorr   .            (no gloves)
SInv    .            y - +0 pair of boots
Will    .....        k - amulet of reflection
Stlth   +            i - +6 ring of strength
HPRegen 0.30/turn    (no ring)
MPRegen 0.15/turn

%: reflection
@: gold aura
A: (nimble swimmer 2), mertail
a: Renounce Religion, Potion Petition, Call Merchant, Bribe Branch


You were on level 8 of the Dungeon.
You worshipped Gozag.
Gozag was pleased with you.
You visited 2 branches of the dungeon, and saw 9 of its levels.
You also visited: Ossuary.

You collected 868 gold pieces.
You spent 218 gold pieces at shops.
You paid 110 gold pieces to Gozag.

Inventory:

Hand Weapons
 a - a +2 trident of venom (weapon)
Missiles
 d - 2 throwing nets (quivered)
 e - 9 javelins
 o - 6 poisoned darts
 F - 2 boomerangs of dispersal
Armour
 c - a +0 helmet (worn)
 l - a +1 cloak (worn)
 y - a +0 pair of boots (worn)
 D - a +3 leather armour (worn)
Jewellery
 i - a +6 ring of strength (left hand)
 k - an amulet of reflection (around neck)
Wands
 s - a wand of mindburst (19)
 v - a wand of flame (33)
 C - a wand of paralysis (2)
 E - a wand of digging (5)
Scrolls
 n - a scroll of magic mapping
 p - 4 scrolls of identify
 w - a scroll of fear
 x - a scroll of brand weapon
 A - a scroll of immolation
 B - a scroll of teleportation
Potions
 b - a potion of invisibility
 f - 3 potions of heal wounds
 g - 6 potions of mutation
 h - a potion of brilliance
 j - 3 potions of haste
 m - 3 potions of curing
 q - 4 potions of lignification
 r - 6 potions of flight
 t - 2 potions of resistance
 u - 2 potions of ambrosia
 z - 2 potions of might


   Skills:
 + Level 4.1 Fighting
 * Level 10.9 Polearms
 - Level 2.0 Throwing
 - Level 4.0 Dodging
 + Level 4.7 Spellcasting
 + Level 3.0 Hexes
 + Level 5.2 Summonings


You had 9 spell levels left.
You knew the following spells:

 Your Spells              Type           Power      Damage    Failure   Level
a - Summon Small Mammal   Summ           48%        N/A       3%          1
b - Call Canine Familiar  Summ           12%        N/A       10%         3
c - Slow                  Hex            32%        N/A       8%          1
d - Confusing Touch       Hex            8%         N/A       24%         3

Your spell library contained the following spells:

 Spells                   Type           Power      Damage    Failure   Level
 Apportation              Tloc           4%         N/A       28%         1
 Magic Dart               Conj           8%         1d3       28%         1
 Necrotise                Necr           8%         1d4       28%         1
 Sandblast                Erth           4%         2d4       28%         1
 Passwall                 Tmut/Erth      1%         N/A       38%         2
 Searing Ray              Conj           4%         2d4       38%         2
 Static Discharge         Conj/Air       4%         2-3/arc   38%         2
 Portal Projectile        Hex/Tloc       10%        N/A       41%         3
 Stone Arrow              Conj/Erth      4%         3d7       63%         3
 Vampiric Draining        Necr           2%         2d6       63%         3
 Volatile Blastmotes      Fire/Tloc      4%         2d10      63%         3
 Summon Lightning Spire   Summ/Air       7%         N/A       67%         4
 Fulminant Prism          Conj/Hex       2%         3d5       83%         4
 Leda's Liquefaction      Hex/Erth       2%         N/A       83%         4
 Airstrike                Air            1%         2d(1-17)  95%         4
 Iskenderun's Mystic Bla  Conj/Tloc      2%         2d3       95%         4
 Lee's Rapid Deconstruct  Erth           1%         3d4*      100%        5
 Statue Form              Tmut/Erth      1%         N/A       100%        6
 Borgnjor's Revivificati  Necr           1%         N/A       100%        8
 Necromutation            Tmut/Necr      1%         N/A       100%        8
 Death's Door             Necr           1%         N/A       100%        9


Dungeon Overview and Level Annotations

Branches:
Dungeon (8/15)             Temple (1/1) D:6         Ossuary (visited)
   Lair: D:8-11

Altars:
Ashenzari
Cheibriados
Gozag
Kikubaaqudgha
Makhleb
Nemelex Xobeh
Okawaru
Qazlal
Ru
Sif Muna
Trog
Uskayaw
Vehumet
Wu Jian
Xom
The Shining One

Shops:
D:2 !   D:5 *


Innate Abilities, Weirdness & Mutations

((You are very nimble when in or above water. (Stealth+, EV+, Speed+++)))
Your lower body shifts to a powerful aquatic tail in water.


Message History

The slime creature is moderately wounded.
The slime creature hits you!
A slime creature comes into view.
You puncture the slime creature!
The slime creature is heavily wounded.
A slime creature comes into view.
The slime creature misses you.
A slime creature comes into view.
You hit the slime creature.
The slime creature is severely wounded.
The slime creature barely misses you.
You puncture the slime creature!
The slime creature is almost dead.
You hit the slime creature.
The slime creature is almost dead.
The slime creature hits you but does no damage.
You hit the slime creature.
The slime creature is almost dead.
The slime creature hits you!
Two slime creatures merge to form a large slime creature.
You puncture the slime creature!
You kill the slime creature!
Your Hexes skill increases to level 3!
You reach to attack!
You hit the large slime creature.
The large slime creature is lightly wounded.
You reach to attack!
You hit the large slime creature.
The large slime creature is lightly wounded.
Two slime creatures merge to form a very large slime creature.
Two slime creatures merge to form an enormous slime creature.
You reach to attack!
You hit the enormous slime creature.
The enormous slime creature is lightly wounded.
You reach to attack!
You puncture the enormous slime creature!
The enormous slime creature is lightly wounded.
You hit the enormous slime creature.
The enormous slime creature is lightly wounded.
The enormous slime creature hits you!!!!
Ouch! That really hurt!
You die...
Your body crumbles into a pile of gold.

##.......### #..
##......#####..
##...#.......#
#####.########## #.....#
##. ###.####.###.## ##..
.........###..## ##...
..##o###..##....####....
..!.ooJ@...........'....
.....###..##....####....
... #..##...## ##..[ .
#..##..## ##.. #......#
##. ..###.## ## ### #. #
#. # ##


You could see an enormous slime creature, an orc warrior, an orc wizard and an
orc.

Vanquished Creatures
  Prince Ribbit (D:8)
  A slime creature (D:8)
  Menkaure (D:7)
  2 water moccasins (D:6)
  A centaur (D:5)
  A phantom (D:6)
  4 bullfrogs
  3 scorpions
  3 killer bees
  A centaur zombie (Ossuary)
  A human zombie (Ossuary)
  3 hounds
  2 jellies
  An orc priest (D:7)
  2 sleepcaps (D:6)
  Ijyb (D:4)
  6 orc wizards
  An iguana (D:7)
  5 mummies (Ossuary)
  4 adders
  4 shadow imps
  3 worms
  22 orcs
  2 ball pythons (D:3)
  6 bats
  7 endoplasms
  3 giant cockroaches
  A gnoll zombie (Ossuary)
  7 goblins
  9 hobgoblins
  5 jackals (D:1)
  3 quokkas
  4 frilled lizards
  A goblin zombie (Ossuary)
  2 hobgoblin zombies (Ossuary)
  2 kobolds
  A kobold zombie (Ossuary)
  An orc zombie (Ossuary)
  5 rats
132 creatures vanquished.

Notes
Turn   | Place    | Note
-------+----------+-------------------------------------------
     0 | D:1      | raph the Merfolk Gladiator began the quest for the Orb.
     0 | D:1      | Reached XP level 1. HP: 16/16 MP: 1/1
   160 | D:1      | Reached XP level 2. HP: 22/22 MP: 2/2
   255 | D:1      | Reached skill level 5 in Polearms
   682 | D:2      | Found Eggog's Distillery.
   706 | D:2      | Reached XP level 3. HP: 27/27 MP: 3/3
   723 | D:2      | Found a sacrificial altar of Ru.
  1186 | D:2      | Bought a potion of might for 44 gold pieces
  1419 | D:2      | Reached skill level 6 in Polearms
  1711 | D:3      | Reached XP level 4. HP: 32/33 MP: 4/4
  2305 | D:4      | Learned a level 1 spell: Summon Small Mammal
  2351 | D:4      | Reached skill level 7 in Polearms
  2351 | D:4      | Reached XP level 5. HP: 19/38 MP: 5/5
  2463 | D:4      | Found a sand-covered staircase.
  2473 | Ossuary  | Entered an ossuary
  2594 | Ossuary  | Reached skill level 1 in Summonings
  2618 | Ossuary  | Reached skill level 1 in Spellcasting
  2879 | Ossuary  | Reached XP level 6. HP: 41/44 MP: 8/8
  2927 | D:4      | You fall into a shaft and drop 2 floors!
  3077 | D:6      | Noticed a water moccasin
  3093 | D:6      | Killed a water moccasin
  3094 | D:6      | Reached skill level 8 in Polearms
  3094 | D:6      | Reached XP level 7. HP: 23/50 MP: 9/11
  3236 | D:6      | Found a staircase to the Ecumenical Temple.
  3252 | Temple   | Entered the Ecumenical Temple
  3293 | Temple   | Became a worshipper of Gozag Ym Sagoz the Greedy
  3357 | D:6      | Learned a level 3 spell: Call Canine Familiar
  3370 | D:5      | Entered Level 5 of the Dungeon
  3739 | D:4      | Noticed Ijyb
  3755 | D:4      | Killed Ijyb
  4170 | D:5      | Found Jewan's Specific Store.
  4184 | D:5      | Learned a level 1 spell: Slow
  4294 | D:5      | Found Urphubin's General Store.
  4300 | D:5      | Bought a scroll of immolation for 48 gold pieces
  4314 | D:5      | Bought a potion of heal wounds for 70 gold pieces
  4314 | D:5      | Bought a scroll of fear for 56 gold pieces
  4420 | D:5      | Found a hide-covered altar of Uskayaw.
  4463 | D:5      | Reached skill level 9 in Polearms
  4864 | D:6      | Reached XP level 8. HP: 53/57 MP: 13/13
  4893 | D:6      | Reached skill level 1 in Hexes
  5313 | D:7      | Noticed Menkaure
  5330 | D:7      | Killed Menkaure
  5749 | D:7      | Reached skill level 10 in Polearms
  6567 | D:7      | Reached XP level 9. HP: 65/65 MP: 15/15
  6571 | D:7      | Learned a level 3 spell: Confusing Touch
  6624 | D:8      | Noticed Prince Ribbit
  6642 | D:8      | Killed Prince Ribbit
  6643 | D:8      | Reached skill level 5 in Summonings
  6765 | D:8      | Annihilated by an enormous slime creature

Illustrated notes

Levels and vault maps discovered:
D:1:      sevenhm_arrival_forest_fort_large_4, layout_rooms
D:2:      layout_basic, basic_altar, serial_shops, nicolae_shop_peninsula
D:3:      layout_basic, minivault_25, minmay_fractal_squares_diagonal_5
D:4:      layout_cave_pools, nicolae_ossuary_entry_ruins, minmay_misc_feat_iff,
          solitary_fountain, uniq_ijyb
D:5:      layout_loops_ring, kennysheep_little_box, kennysheep_flooded_box,
          nicolae_specific_store
D:6:      layout_basic, minmay_temple_entry_offerings
D:7:      layout_loops_corners, serial_co_window_serial,
          co_window_of_opportunity_a, co_window_corner_a, co_window_paths_b,
          co_window_paths_a, co_window_of_opportunity_a, co_window_2corner,
          co_window_broadway_c, co_window_broadway_c, co_window_corner_cb,
          co_window_unsneaky_path_b, co_window_paths_d, glass_columns_b,
          minivault_4, uniq_menkaure
D:8:      layout_loops_corners, uniq_prince_ribbit1
Temple:   nicolae_temple_ecumenical_triangle

Skill      XL: |  1  2  3  4  5  6  7  8  9 |
---------------+----------------------------+-----
Polearms       | 5 6 7 8 9 10 | 10.9
Summonings     | 2 3 4 5 |  5.2
Spellcasting   | 1 2 3 4 |  4.7
Hexes          | 2 3 |  3.0
Fighting       | 3 4 |  4.1
Throwing       | |  2.0
Dodging        | |  4.0

Action                     |  1- 3 |  4- 6 |  7- 9 || total
---------------------------+-------+-------+-------++-------
  Melee: Trident           |   141 |   117 |   230 ||   488
         Punch             |       |     1 |       ||     1
  Throw: Throwing net      |       |       |     2 ||     2
         Dart              |       |       |     4 ||     4
   Cast: Summon Small Mamm |       |     2 |     3 ||     5
         Slow              |       |       |     2 ||     2
         Call Canine Famil |       |       |     2 ||     2
    Use: Scroll            |     6 |     9 |     6 ||    21
         Potion            |       |     2 |     5 ||     7
   Stab: Sleeping          |     2 |     1 |     1 ||     4
         Distracted        |       |     2 |     3 ||     5
 Armour: Leather armour    |    26 |    16 |    35 ||    77
  Dodge: Dodged            |    70 |    39 |    92 ||   201
  Block: Other             |     1 |    15 |    26 ||    42
         Reflection        |       |     1 |     1 ||     2
